 Dungeon Crawl Stone Soup version 0.23.2 (webtiles) character file.

Game seed: 13597423498408325090

105 Kairos the Firebug (level 5, 0/54 HPs)
             Began as a Human Fire Elementalist on Apr 11, 2019.
             Slain by Sigmund
             ... wielding a +0 scythe
              (5 damage)
             ... on level 2 of the Dungeon.
             The game lasted 00:10:25 (2204 turns).

Kairos the Firebug (Human Fire Elementalist)        Turns: 2204, Time: 00:10:26

Health: 0/54       AC: 22    Str:  8    XL:     5   Next: 9%
Magic:  8/8        EV:  2    Int: 16    God:
Gold:   82         SH:  0    Dex: 14    Spells: 5/9 levels left

rFire    . . .     SeeInvis .   m - +0 whip
rCold    . . .     Gourm    .   (no shield)
rNeg     + + +     Faith    .   (armour currently unavailable)
rPois    +         Spirit   .   (helmet currently unavailable)
rElec    .         Reflect  .   (cloak currently unavailable)
rCorr    .         Harm     .   (gloves currently unavailable)
MR       .....     Clarity  +   (boots currently unavailable) Stlth +.........NoTele +
                                (no amulet)
HPRegen  0.18/turn              l - +4 ring of evasion
MPRegen  0.11/turn              (no ring)

@: confused, tree-form, berserk cooldown, very slightly contaminated, slowed,
invisible, very slow
A: clarity, evolution 1
a: no special abilities


You were on level 2 of the Dungeon.
You were very hungry.
You were a tree.
You visited 1 branch of the dungeon, and saw 2 of its levels.

You collected 82 gold pieces.

Inventory:

Hand Weapons
 m - a +0 whip (weapon)
 q - a +0 hunting sling
Missiles
 r - 32 stones (quivered)
 v - 5 javelins
Armour
 j - a +1 helmet (melded)
 n - a +0 leather armour (melded)
 w - a +0 cloak (melded)
Jewellery
 l - a +4 ring of evasion (left branch)
Scrolls
 d - a scroll of teleportation {unknown}
 e - 2 scrolls of magic mapping {unknown}
 f - a scroll of immolation {unknown}
 h - 5 scrolls of identify {unknown}
 o - 2 scrolls of amnesia {unknown}
 p - a scroll of enchant armour {unknown}
 u - a scroll of fog {unknown}
Potions
 b - a potion of mutation
 i - a potion of agility {unknown}
 k - a potion of lignification
 s - a potion of magic
Comestibles
 c - 3 rations


   Skills:
 + Level 0.4 Fighting
 + Level 0.9 Maces & Flails
 + Level 0.1 Armour
 + Level 2.7 Dodging
 + Level 2.1 Stealth
 + Level 2.6 Spellcasting
 + Level 1.6 Conjurations
 + Level 3.9 Fire Magic


You had 5 spell levels left.
You knew the following spells:

 Your Spells              Type           Power        Failure   Level  Hunger
a - Flame Tongue          Conj/Fire      ##...        6%          1    #......
b - Conjure Flame         Conj/Fire      ##......     19%         3    ###....

Your spell library contained the following spells:

 Spells                   Type           Power        Failure   Level  Hunger
 Throw Flame              Conj/Fire      ##....       10%         2    ##.....
 Inner Flame              Hex/Fire       #.......     26%         3    ###....
 Sticky Flame             Conj/Fire      ##......     52%         4    #####..
 Fireball                 Conj/Fire      ##........   86%         5    ######.


Dungeon Overview and Level Annotations

Branches:
Dungeon (2/15)

Altars:
Ashenzari
Fedhas
Gozag

Annotations:
D:2 Sigmund


Innate Abilities, Weirdness & Mutations

You possess an exceptional clarity of mind.
You evolve.


Message History

It was a potion of magic.
Magic courses through your body.
It was a potion of invisibility.
You fade into invisibility!
Sigmund barely misses you.
You are very lightly contaminated with residual magic.
It was a potion of berserk rage.
A red film seems to cover your vision as you go berserk!
You feel yourself moving faster!
You feel mighty! Sigmund barely misses you.
You are too berserk!
You are too berserk!
You are too berserk!
You feel a strong urge to attack something.
Sigmund hits you but does no damage.
You cannot move. (Use ctrl+direction or * direction to attack without moving.)
You feel your anger nearly subside.
You are no longer berserk.
You are exhausted.
You feel yourself slow down.
Sigmund hits you from afar with a +0 scythe.
You die...

.#.......#.#####.#####.<...#
....###.##.#.....# #####.#
.....##.##...##### #######.#
......#..##..#######.......#
......##.##..........#######
.............#########
.............##......#
###########..........# #
#.)...♣....# # #..#@>.....#
# ##.........# #
#.<........# # ##†##......#
# #)##......## #
#..#.......# # #......###.#
# # #.##...###.#


You could see Sigmund.

Vanquished Creatures
  2 adders (D:2)
  2 oozes (D:2)
  4 worms (D:2)
  3 leopard geckos
  3 ball pythons (D:2)
  11 bats
  4 giant cockroaches
  9 goblins
  10 hobgoblins
  A quokka (D:2)
  5 frilled lizards
  6 kobolds
  2 rats
62 creatures vanquished.

Notes
Turn   | Place    | Note
-------+----------+-------------------------------------------
     0 | D:1      | Kairos the Human Fire Elementalist began the quest for the
                  | Orb.
     0 | D:1      | Reached XP level 1. HP: 13/13 MP: 3/3
   190 | D:1      | Reached XP level 2. HP: 8/19 MP: 0/5
   526 | D:1      | Reached XP level 3. HP: 21/24 MP: 1/6
  1280 | D:2      | Noticed Sigmund
  1301 | D:2      | Learned a level 3 spell: Conjure Flame
  1378 | D:2      | Reached XP level 4. HP: 20/30 MP: 1/7
  1717 | D:2      | Found a blossoming altar of Fedhas.
  1821 | D:2      | Reached XP level 5. HP: 20/36 MP: 0/8
  1924 | D:2      | Found a shattered altar of Ashenzari.
  1927 | D:2      | Found an opulent altar of Gozag.
  2196 | D:2      | Gained mutation: You evolve. [potion of mutation]
  2196 | D:2      | Gained mutation: You possess an exceptional clarity of
                  | mind. [potion of mutation]
  2204 | D:2      | Slain by Sigmund

Action                   |  1- 3 |  4- 6 || total
-------------------------+-------+-------++-------
Melee: Unarmed           |     2 |       ||     2
       Club              |    24 |       ||    24
       Whip              |    12 |    47 ||    59
 Cast: Flame Tongue      |    55 |    43 ||    98
       Conjure Flame     |     2 |     5 ||     7
  Use: Potion            |       |     5 ||     5
  Eat: Chunk             |     2 |     3 ||     5
Armor: Robe              |    23 |       ||    23
       Leather armour    |     2 |    17 ||    19
       Skin              |       |     2 ||     2
Dodge: Dodged            |    63 |    84 ||   147
